 Dungeon Crawl Stone Soup version 0.31-a0-1009-g454b1f1 (webtiles) character file.

Game seed: 259760547531815604

64 Geeful the Changeling (level 4, -3/29 HPs)
             Began as an Octopode Shapeshifter on Nov 15, 2023.
             Slain by Crazy Yiuf
             ... wielding a +2 quarterstaff of chaos
              (5 damage)
             ... while paralysed by Crazy Yiuf
             ... on level 2 of the Dungeon.
             The game lasted 00:02:49 (1469 turns).

Geeful the Changeling (Octopode Shapeshifter)       Turns: 1469, Time: 00:02:50

Health: -3/29      AC:  1    Str: 13    XL:     4   Next: 12%
Magic:  4/4        EV:  2    Int: 12    God:
Gold:   28         SH:  0    Dex: 13    Spells: 3/3 levels left

rFire   . .          .
                       - Unarmed
rCold   . . .        (no shield)
rNeg    . . .        (helmet currently unavailable)
rPois   .            (no amulet)
rElec   .            f - +4 ring of slaying
rCorr   .            (no ring)
SInv    .            (no ring)
Will    .....        (no ring)
Stlth   ++           (no ring)
HPRegen 0.24/turn    (no ring)
MPRegen 0.09/turn    (no ring)
                     (no ring)

%: no passive effects
@: paralysed, beast-form
A: beast (slay +2), almost no armour, amphibious, 8 rings, camouflage 1,
gelatinous body 1, (nimble swimmer 1), tentacles
a: Begin Untransformation


You were on level 2 of the Dungeon.
You were a hulking beast.
You visited 1 branch of the dungeon, and saw 2 of its levels.

You collected 28 gold pieces.

Inventory:

Jewellery
 f - a +4 ring of slaying (left tentacle)
 m - an amulet of faith
 o - a ring of magical power
Talismans
 b - a beast talisman
 c - a flux talisman
Scrolls
 g - a scroll of teleportation {unknown}
 i - a scroll of amnesia {unknown}
 j - a scroll of vulnerability {unknown}
 l - a scroll of poison {unknown}
Potions
 a - a potion of lignification
 d - 2 potions of magic
 e - 2 potions of heal wounds
 h - 2 potions of ambrosia
 n - a potion of might {unknown}


   Skills:
 + Level 1.8 Fighting
 + Level 2.5 Dodging
 + Level 3.4 Unarmed Combat
 * Level 3.7 Shapeshifting


You had 3 spell levels left.
You didn't know any spells.
Your spell library was empty.

Dungeon Overview and Level Annotations

Branches:
Dungeon (2/15)

Altars:

Annotations:
D:2 Crazy Yiuf


Innate Abilities, Weirdness & Mutations

You are a hulking beast.
Your limbs bulge with bestial killing power. (Slay +2)
You cannot wear most types of armour.
You are amphibious.
You can wear up to eight rings at the same time.
Your skin changes colour to match your surroundings (Stealth+).
Your rubbery body absorbs attacks. (AC +1, EV +1)
((You are camouflaged when in or above water. (Stealth+)))
You have tentacles for arms and can constrict up to eight enemies at once.


Message History

You constrict the ball python. The ball python closely misses you.
The ball python grabs you. The ball python constricts you.
You completely miss the ball python.
The ball python is heavily wounded.
You constrict the ball python.
You kill the ball python!
No target in view!
You see here a ball python corpse.
Found a hammer.
Found a hammer.
You see here a +0 hammer.
As you read the scroll of identify, it crumbles to dust.
h - 2 potions of ambrosia
As you read the scroll of identify, it crumbles to dust.
e - 2 potions of heal wounds You see here a +0 hammer.
Found three hammers.
Found a runed translucent door.
You see here a +0 hammer.
Found a hammer.
Crazy Yiuf shouts!
As you open the door, it creaks loudly!
Crazy Yiuf hits you with a +2 quarterstaff of chaos.
There is an open translucent door here.
You tentacle-slap Crazy Yiuf but do no damage.
You grab Crazy Yiuf. You squeeze Crazy Yiuf!
Crazy Yiuf is heavily wounded.
You constrict Crazy Yiuf, but do no damage.
Crazy Yiuf barely misses you.
You barely miss Crazy Yiuf.
Crazy Yiuf is heavily wounded.
You constrict Crazy Yiuf. Crazy Yiuf completely misses you.
You tentacle-slap Crazy Yiuf.
Crazy Yiuf is severely wounded.
You constrict Crazy Yiuf, but do no damage.
Crazy Yiuf hits you with a +2 quarterstaff of chaos!
You suddenly lose the ability to move!
You lose your grip on Crazy Yiuf.
Crazy Yiuf hits you with a +2 quarterstaff of chaos!
* * * LOW HITPOINT WARNING * * *
Crazy Yiuf burns you.
You die...

##..## ##.#
♣....♣ #.#
♣♣..)♣ #.#
♣♣)♣♣ #.# ♣♣.♣
#.# #### ♣)♣♣
##†#### #...
♣♣.♣
#.....##....
♣.♣♣
#####...>...
#h#
######......
#.g.#
#....##.....
#).)# #........
#)..# ####.....
##### #.....
##..... #####
#...... #...#
#......
#...#####......


You could see Crazy Yiuf.

Vanquished Creatures
  2 adders (D:2)
  A dart slug (D:1)
  3 endoplasms (D:1)
  A giant cockroach (D:1)
  3 goblins (D:1)
  5 hobgoblins
  4 jackals
  3 kobolds
  5 quokkas
  2 ball pythons (D:2)
  4 bats
  2 frilled lizards (D:1)
  3 rats
38 creatures vanquished.

Notes
Turn   | Place    | Note
-------+----------+-------------------------------------------
     0 | D:1      | Geeful the Octopode Shapeshifter began the quest for the
                  | Orb.
     0 | D:1      | Reached XP level 1. HP: 13/13 MP: 1/1
   180 | D:1      | Reached XP level 2. HP: 17/18 MP: 2/2
   477 | D:1      | Reached XP level 3. HP: 23/23 MP: 3/3
  1186 | D:2      | Found a faded altar of an unknown god.
  1227 | D:2      | Reached XP level 4. HP: 29/29 MP: 4/4
  1460 | D:2      | Found a runed translucent door.
  1461 | D:2      | Noticed Crazy Yiuf
  1468 | D:2      | Paralysed by Crazy Yiuf for 3 turns
  1469 | D:2      | Slain by Crazy Yiuf

Illustrated notes

Levels and vault maps discovered:
D:1:      heliophobic_arrival_battle_scene, layout_loops_corners,
          grunt_decor_resistance, minmay_misc_feat_x
D:2:      layout_rooms, chequers_ecumenical_altar_grove, st_stairs_14,
          nicolae_figureground_sparkle, uniq_crazy_yiuf_cottage

Action                     |  1- 3 |  4- 6 || total
---------------------------+-------+-------++-------
  Melee: Unarmed           |    53 |    10 ||    63
         Tentacles         |    11 |     1 ||    12
         Constrict         |    13 |     4 ||    17
         Punch             |     1 |       ||     1
    Use: Scroll            |     1 |     2 ||     3
   Stab: Sleeping          |     5 |     3 ||     8
 Armour: Skin              |    14 |     3 ||    17
  Dodge: Dodged            |    29 |     4 ||    33

Table legend: (Time is in decaauts)
 A = Elapsed time spent in this place.
 B = Non-inter-level travel time spent in this place.
 C = Inter-level travel time spent in this place.
 D = Time resting spent in this place.
 E = Time spent auto-exploring this place.
 F = Levels seen in this place.
 G = Mean time per level.
                   A        B        C        D        E       F      G
               +--------+--------+--------+--------+--------+-----+--------+
         Total |   1464 |   1406 |     58 |      0 |   1156 |   2 |  732.0 |
       Dungeon |   1464 |   1406 |     58 |      0 |   1156 |   2 |  732.0 |
               +--------+--------+--------+--------+--------+-----+--------+

Top non-repeatable levels by time:
     D:1: 914 daAuts
     D:2: 550 daAuts
